 Dungeon Crawl Stone Soup version 0.29-a0-243-g602b31c20e (webtiles) character file.

Game seed: 17028157875705726595

23691 spiderkeys the Fighter (level 13, -4/72 HPs)
             Began as a Vine Stalker Abyssal Knight on Mar 5, 2022.
             Was the Champion of Lugonu.
             Killed from afar by an orc sorcerer (23 damage)
             ... with a bolt of fire
             ... while paralysed by an orc sorcerer
             ... on level 13 of the Dungeon.
             The game lasted 00:27:36 (12197 turns).

spiderkeys the Fighter (VSAK)                      Turns: 12197, Time: 00:27:37

Health: -4/72      AC: 11    Str: 16    XL:     13   Next: 8%
Magic:  0/20       EV:  2    Int: 10    God:    Lugonu [******]
Gold:   602        SH:  0    Dex: 26    Spells: 12/12 levels left

rFire   . . .      SeeInvis .   a - +3 rapier "Jusys" {speed, rElec}
rCold   . . .      Faith    .   T - +0 buckler
rNeg    . . .      Spirit   +   C - +0 troll leather armour
rPois   .          Reflect  .   n - +1 helmet
rElec   +          Harm     .   d - +1 cloak
rCorr   .          Rampage  .   (no gloves)
Will    +....                   K - +2 pair of boots {Stlth+}
Stlth   ++++++....              g - amulet of regeneration
HPRegen 2.62/turn               Y - +4 ring of slaying
MPRegen 0.17/turn               D - +6 ring of dexterity

@: paralysed, marked
A: fangs 3, regeneration 1, magic shield, antimagic bite, no potion heal 2
a: Renounce Religion, Depart the Abyss, Bend Space, Banish, Corrupt, Enter the
Abyss, Brand Weapon With Distortion


You were on level 13 of the Dungeon.
You worshipped Lugonu.
Lugonu was exalted by your worship.
You visited 2 branches of the dungeon, and saw 14 of its levels.
You visited the Abyss 1 time.

You collected 912 gold pieces.
You spent 310 gold pieces at shops.


Innate Abilities, Weirdness & Mutations

You have razor-sharp teeth.
Your natural rate of healing is unusually fast.
When hurt, damage is shared between your health and your magic reserves.
Your bite disrupts and absorbs the magic of your enemies.
Potions cannot restore your health.


   Skills:
 + Level 10.7 Fighting
 + Level 10.4 Short Blades
 - Level 1.5 Armour
 + Level 6.6 Dodging
 + Level 9.8 Stealth
 - Level 5.0 Shields
 - Level 9.0 Invocations


You had 12 spell levels left.
You didn't know any spells.
Your spell library contained the following spells:

 Spells                   Type           Power      Damage    Failure   Level
 Magic Dart               Conj           0%         1d3       52%         1
 Sandblast                Erth           0%         2d4       52%         1
 Blink                    Tloc           0%         N/A       65%         2
 Ensorcelled Hibernation  Hex/Ice        0%         N/A       65%         2
 Passwall                 Tmut/Erth      0%         N/A       65%         2
 Scorch                   Fire           0%         2d5       65%         2
 Searing Ray              Conj           0%         2d4       65%         2
 Ignite Poison            Fire/Tmut/Pois 0%         N/A       87%         3
 Lesser Beckoning         Tloc           0%         N/A       87%         3
 Mephitic Cloud           Conj/Pois/Air  0%         N/A       87%         3
 Stone Arrow              Conj/Erth      0%         3d7       87%         3
 Swiftness                Air            0%         N/A       87%         3
 Flame Wave               Conj/Fire      0%         2d4       99%         4
 Fulminant Prism          Conj/Hex       0%         3d6       99%         4
 Passage of Golubria      Tloc           0%         N/A       99%         4
 Freezing Cloud           Conj/Ice/Air   0%         6-21      100%        5
 Manifold Assault         Tloc           0%         N/A       100%        5
 Silence                  Hex/Air        0%         N/A       100%        5
 Summon Cactus Giant      Summ           0%         N/A       100%        6
 Lehudib's Crystal Spear  Conj/Erth      0%         10d2      100%        8

Inventory:

Hand Weapons
 a - the +3 rapier "Jusys" (weapon) {speed, rElec}
   (You found it on level 10 of the Dungeon)

   Attacks with this weapon are significantly faster.
   rElec:     It insulates you from electricity.
 w - a +2 short sword of venom
   (You found it on level 7 of the Dungeon)
 N - a +3 dagger of distortion
   (You took it off Psyche on level 12 of the Dungeon)
 X - a +4 scimitar of flaming
   (You took it off Erica on level 11 of the Dungeon)
Missiles
 b - 3 throwing nets {=f!f}
 c - 394 stones
 e - 22 poisoned darts
 h - 2 silver javelins
 j - 4 curare-tipped darts {=f}
 t - 19 boomerangs
Armour
 d - a +1 cloak (worn)
   (You found it on level 7 of the Dungeon)
 n - a +1 helmet (worn)
   (You found it on level 10 of the Dungeon)
 C - a +0 troll leather armour (worn)
   (You found it on level 12 of the Dungeon)
 K - a +2 pair of boots of stealth (worn)
   (You bought it in a shop on level 5 of the Dungeon)
 T - a +0 buckler (worn)
   (You took it off a gnoll sergeant on level 7 of the Dungeon)
 U - a +2 robe of cold resistance
   (You took it off Erica on level 11 of the Dungeon)
Jewellery
 g - an amulet of regeneration (around neck)
   (You found it on level 5 of the Dungeon)
 A - an amulet of the acrobat
   (You found it on level 3 of the Dungeon)
 D - a +6 ring of dexterity (right hand)
   (You found it on level 10 of the Dungeon)
 O - a +4 ring of protection
   (You found it on level 11 of the Dungeon)
 Y - a +4 ring of slaying (left hand)
   (You found it on level 9 of the Dungeon)
Wands
 p - a wand of acid (1)
   (You found it on level 4 of the Dungeon)
 z - a wand of digging (2)
   (You found it on level 4 of the Dungeon)
 G - a wand of iceblast (5)
   (You found it on level 1 of the Lair of Beasts)
 I - a wand of flame (9)
   (You took it off a gnoll on level 5 of the Dungeon)
 J - a wand of paralysis (12)
   (You found it on level 5 of the Dungeon)
 V - a wand of charming (25)
   (You found it on level 8 of the Dungeon)
Scrolls
 i - 7 scrolls of noise {!r}
 k - 2 scrolls of silence {!r}
 l - 3 scrolls of teleportation {@r4}
 o - 2 scrolls of vulnerability {!r!r}
 r - 5 scrolls of magic mapping {!r}
 s - a scroll of enchant weapon
 y - a scroll of torment {!r}
 B - 2 scrolls of immolation {!r!r}
 F - a scroll of summoning
 L - 3 scrolls of identify {@r1}
 P - a scroll of blinking {!r}
 W - 4 scrolls of fog
Potions
 f - 3 potions of ambrosia {unknown}
 m - 13 potions of degeneration {!q}
 q - 3 potions of curing {unknown}
 u - 2 potions of haste {unknown}
 v - 3 potions of heal wounds {unknown}
 x - a potion of cancellation {unknown}
 E - 2 potions of brilliance {unknown}
 H - 2 potions of mutation {unknown}
 M - a potion of magic {unknown}
 Q - a potion of lignification {unknown}
 R - 3 potions of might
 S - a potion of berserk rage {unknown}
 Z - a potion of flight {unknown}

Dungeon Overview and Level Annotations

Branches:
Dungeon (13/15)            Temple (0/1) D:6            Lair (1/6) D:8
    Orc (0/2) D:11         Vaults (0/5) D:13

Altars:
Ashenzari
Elyvilon
Hepliaklqana
Uskayaw
Vehumet
Wu Jian
Yredelemnul

Shops:
D:1 =   D:5 (*:*   D:6 ? D:8

: '##### ####..o....#
##.# .# #.......# #.#
.# #.8...8.# #.# .#
#.......# #.# ## .#
####.....## #)# #§ .#
#.##8.o.8########.###§
.#
#.###.o3###.........#≈
.## #.####)##
#######.###. ..#
#...4@o# #.# #. #.#
###)#### #.# #≈ #.#
###.# #.# #§ #.# #...#
#.###§ #.# #.###
#..##≈ #.# ##'######
##)##. #.## #.......#
#########'##§ ...#
#.......#
#........).## ...#
######..)....#
#........(.<#


You could see a hellwing (summoned), a sixfirhy (summoned), 2 orc sorcerers and
an orc warrior.


Message History

Lugonu accepts your kill.
You see here a +3 scimitar of flaming.
You start waiting.
An orc knight is nearby!
Okay, then.
Throw: 4 darts (curare) {=f}
Press: ? - help, Shift-Dir - straight line, f - orc knight
Aim: an orc knight, wielding a +4 battleaxe and wearing a +0 plate armour (wandering, hasn't noticed you, 73% to hit)
You throw a curare-tipped dart {=f}.
The curare-tipped dart {=f} hits the orc knight.
The orc knight is poisoned.
The orc knight convulses.
The orc knight seems to slow down.
You hit the orc knight but do no damage.
The orc knight closely misses you.
You closely miss the orc knight. Your bite misses the orc knight.
You hit the orc knight. You closely miss the orc knight.
You bite the orc knight, but do no damage.
The orc knight closely misses you.
You closely miss the orc knight.
You bite the orc knight, but do no damage.
You puncture the orc knight! You puncture the orc knight!
The orc knight closely misses you.
You puncture the orc knight! You bite the orc knight! You drain its power.
You hit the orc knight but do no damage.
You kill the orc knight!
Lugonu accepts your kill.
Lugonu will corrupt your weapon with distortion... once.
Things that are here:
a +4 battleaxe; a +0 plate armour; a +3 scimitar of flaming
j - 4 curare-tipped darts {=f} (gained 1)
An orc comes into view. It is wielding a +0 short sword.
There is an open translucent door here.
Items here: )) [[.
You see here a +0 dagger.
An orc sorcerer comes into view. It is wielding a +0 dagger.
The orc shouts! x2; The orc sorcerer shouts!
You hear a shout!
You block the orc's attack.
The orc sorcerer shouts!
The orc warrior shouts!
The orc sorcerer mumbles some strange words.
The orc sorcerer mumbles some strange words.
The sixfirhy hits you but does no damage.
The sixfirhy misses you.
The orc sorcerer pulls the alarm!
The alarm trap emits a blaring wail!
A sentinel's mark forms upon you.
You hear a shout! x3
There is an open translucent door here.
Items here: )) [[.
You puncture the orc!
You kill the orc!
Lugonu accepts your kill. You block the sixfirhy's attack. x2
You miss the sixfirhy. You block the sixfirhy's attack.
You barely miss the sixfirhy. Your bite misses the sixfirhy.
You puncture the sixfirhy! You puncture the sixfirhy! You bite the sixfirhy!
You drain its power. You puncture the sixfirhy!
You kill the sixfirhy!
The sixfirhy disappears in a puff of smoke!
The hellwing swoops through the air toward you!
The hellwing hits you.
The hellwing barely misses you. 😕 HP[-3] MP[-1]
You take 3 damage, and now have 69/72 hp.
You lost 1 mp, and now have 19/20 mp.
You barely miss the orc. Your bite misses the orc. 😕 HP[+2]
You regained 2 hp, and now have 71/72 hp.
You puncture the hellwing!
You bite the hellwing, but do no damage.
The orc closely misses you. The hellwing closely misses you.
The hellwing barely misses you. 😎 HP[+1]
Your hp is fully restored (72).
You puncture the orc!
You kill the orc!
Lugonu accepts your kill.
An orc high priest comes into view. It is wielding a +0 trident.
The orc sorcerer casts a spell at you.
You suddenly lose the ability to move!
The orc sorcerer casts a spell.
The hellwing hits you! The hellwing hits you.
The orc sorcerer casts a spell at you. The bolt of fire hits you!!
The hellwing hits you!
* * * LOW HITPOINT WARNING * * *
The hellwing hits you.
* * * LOW HITPOINT WARNING * * *
The hellwing hits you but does no damage.
The hellwing hits you.
* * * LOW HITPOINT WARNING * * *
The orc sorcerer gestures at you while chanting.
The bolt of fire hits you!
* * * LOW HITPOINT WARNING * * *
The hellwing hits you.
* * * LOW HITPOINT WARNING * * *
The hellwing hits you but does no damage.
The orc sorcerer howls an incantation.
The orc sorcerer shimmers violently.
The orc sorcerer gestures at you while chanting.
The bolt of fire hits you!!
You die...

Skill      XL: |  1  2  3  4  5  6  7  8  9 10 11 12 13 |
---------------+----------------------------------------+-----
Dodging        | 1 2 3 4 5 6 |  6.6
Short Blades   | 2 3 4 5 6 7 9 10 | 10.4
Stealth        | 1 2 3 4 5 6 7 8 9 |  9.8
Fighting       | 3 4 5 6 8 9 10 | 10.7
Invocations    | 3 5 7 8 9 |  9.0
Shields        | 1 4 5 |  5.0
Armour         | |  1.5

Action                   |  1- 3 |  4- 6 |  7- 9 | 10-12 | 13-15 || total
-------------------------+-------+-------+-------+-------+-------++-------
Melee: Short sword       |    62 |       |    52 |   225 |       ||   339
       Bite              |    24 |    43 |   121 |   281 |    12 ||   481
       Dagger            |    37 |   137 |   285 |       |       ||   459
       Punch             |       |     2 |     5 |       |       ||     7
       Rapier            |       |       |       |   340 |    31 ||   371
       Scimitar          |       |       |       |     3 |       ||     3
Throw: Boomerang         |       |       |       |     1 |       ||     1
       Dart              |       |       |       |     4 |     1 ||     5
Invok: Bend Space        |       |       |       |     3 |       ||     3
Evoke: Wand              |       |       |     1 |    17 |     4 ||    22
  Use: Scroll            |     3 |     7 |     4 |     4 |       ||    18
 Stab: Sleeping          |     4 |     3 |     6 |    12 |       ||    25
       Distracted        |       |       |     1 |     2 |       ||     3
Armor: Leather armour    |    20 |    18 |       |       |       ||    38
       Ring mail         |       |     7 |   123 |   148 |       ||   278
       Skin              |       |     1 |       |       |       ||     1
       Troll leather arm |       |       |       |     6 |     3 ||     9
Dodge: Dodged            |    59 |    71 |   174 |   236 |    12 ||   552
Block: Buckler           |       |       |    16 |   128 |     4 ||   148

Levels and vault maps discovered:
D:1:      eino_arrival_cavern_e, layout_basic, ebering_ecumenical_altar_hall,
          serial_rivers, chequers_serial_rivers_room_b,
          chequers_serial_rivers_micro_e, chequers_serial_rivers_small_a,
          chequers_serial_rivers_micro_a, chequers_serial_rivers_micro_a,
          chequers_serial_rivers_micro_c, serial_shops, shop
D:2:      layout_basic, amethyst_killhole, minivault_19, minmay_strange_pillars
D:3:      layout_loops_ring, uniq_natasha
D:4:      layout_basic
D:5:      layout_cave_pods, grunt_temple_overflow_diamond, serial_shops,
          nicolae_shop_advertising_works [nicolae_subvault_shop_adworks], shop,
          nicolae_shop_competitors_out_of_business, shop
D:6:      black_bear_nest_2, layout_loops_ring,
          minmay_temple_entry_drinking_statues, serial_shops, shop_scrolls
D:7:      layout_rooms, nicolae_uskayaw_murder_on_the_dancefloor
D:8:      layout_basic, lemuel_doored_altar, lair_entry_dummy, serial_shops,
          nicolae_shop_behind_doors, minmay_circle_x
D:9:      layout_basic, lemuel_zombie_altar_yredelemnul
D:10:     layout_gridville
D:11:     layout_loops_ring, erik_orc_1, uniq_erica
D:12:     layout_loops_ring, nicolae_elyvilon_peaceful_grove, uniq_psyche
D:13:     layout_roguey, ximxim_vaults_locker_room, lightli_church_of_beogh
Lair:1:   layout_cave_pods, grunt_megastairs_2

Notes
Turn   | Place    | Note
-------+----------+-------------------------------------------
     0 | Abyss:1  | spiderkeys the Vine Stalker Abyssal Knight began the quest
                  | for the Orb.
     0 | Abyss:1  | Reached XP level 1. HP: 11/11 MP: 3/3
     0 | Abyss:1  | magus.rc [v1.11.3]
    11 | D:1      | You pass through the gate.
    11 | D:1      | Escaped the Abyss
   297 | D:1      | Found Juufua's Jewellery Boutique.
   467 | D:1      | Reached skill level 1 in Dodging
   471 | D:1      | Reached skill level 2 in Short Blades
   471 | D:1      | Reached XP level 2. HP: 11/16 MP: 2/4
   473 | D:1      | Reached skill level 1 in Stealth
   475 | D:1      | HP: 2/16 [gnoll/+0 club (5)]
   789 | D:1      | Reached skill level 3 in Fighting
   789 | D:1      | Reached XP level 3. HP: 19/20 MP: 5/5
   867 | D:1      | Found a faded altar of an unknown god.
  1115 | D:1      | Reached ** piety under Lugonu
  1711 | D:2      | Reached skill level 2 in Stealth
  1859 | D:2      | Gained mutation: Your natural rate of healing is unusually
                  | fast. [Vine Stalker growth]
  1859 | D:2      | Reached XP level 4. HP: 24/24 MP: 6/6
  2103 | D:3      | You pick up a book of Burglary and begin reading...
  2103 | D:3      | You add the spells Passwall, Ensorcelled Hibernation and
                  | Swiftness to your library.
  2225 | D:3      | You pick up a book of Conjurations and begin reading...
  2225 | D:3      | You add the spells Magic Dart, Searing Ray and Fulminant
                  | Prism to your library.
  2536 | D:3      | You fall into a shaft and drop 2 floors!
  2536 | D:5      | Entered Level 5 of the Dungeon
  2665 | D:4      | Noticed an ogre
  2668 | D:4      | Killed an ogre
  2669 | D:4      | Reached skill level 2 in Dodging
  2669 | D:4      | Reached skill level 3 in Stealth
  2669 | D:4      | Reached XP level 5. HP: 19/29 MP: 4/7
  2734 | D:4      | Reached skill level 3 in Short Blades
  2746 | D:4      | Reached XP level 6. HP: 32/33 MP: 6/8
  2755 | D:4      | Reached *** piety under Lugonu
  2845 | D:3      | Noticed Natasha
  2853 | D:3      | Killed Natasha
  3553 | D:5      | Found Jupsoix's General Store.
  3580 | D:5      | Reached skill level 4 in Fighting
  3580 | D:5      | Reached skill level 4 in Stealth
  3593 | D:5      | Bought a scroll of enchant armour for 112 gold pieces
  3701 | D:5      | Noticed a water moccasin
  3715 | D:5      | Killed a water moccasin
  3716 | D:5      | Reached XP level 7. HP: 24/37 MP: 7/9
  3757 | D:5      | Reached skill level 3 in Dodging
  3814 | D:5      | Found Plog's Book Shoppe.
  3855 | D:5      | Reached skill level 4 in Short Blades
  3855 | D:5      | Reached skill level 5 in Stealth
  3896 | D:5      | Found Elulikas's General Store.
  3995 | D:5      | Found Ilutoer's Antique Weapon Emporium.
  4333 | D:5      | Found a hazy altar of Hepliaklqana.
  4336 | D:5      | Found an ornate altar of the Wu Jian Council.
  4339 | D:5      | Found a radiant altar of Vehumet.
  4386 | D:5      | Bought a +1 pair of boots of stealth for 198 gold pieces
  4489 | D:6      | Gained mutation: You have razor-sharp teeth. [Vine Stalker
                  | growth]
  4489 | D:6      | Reached XP level 8. HP: 35/42 MP: 8/10
  4575 | D:6      | Reached skill level 5 in Fighting
  4673 | D:6      | Reached skill level 6 in Stealth
  4690 | D:6      | Reached skill level 4 in Dodging
  4836 | D:6      | Noticed a yak
  4837 | D:6      | Noticed a yak
  4837 | D:6      | Noticed a yak
  4837 | D:6      | Noticed a yak
  4839 | D:6      | Killed a yak
  4840 | D:6      | Reached skill level 5 in Short Blades
  4843 | D:6      | Noticed a yak
  4854 | D:6      | Killed a yak
  4884 | D:6      | Killed a yak
  4884 | D:6      | Reached **** piety under Lugonu
  4885 | D:6      | Reached XP level 9. HP: 48/48 MP: 11/11
  4900 | D:6      | Reached skill level 6 in Fighting
  4900 | D:6      | Reached skill level 5 in Dodging
  4944 | D:6      | Found Esaal's Magic Scroll Shoppe.
  4952 | D:6      | You pick up a book of Spatial Translocations and begin
                  | reading...
  4952 | D:6      | You add the spells Blink, Lesser Beckoning and Manifold
                  | Assault to your library.
  5145 | D:6      | Reached skill level 2 in Invocations
  5237 | D:6      | Reached skill level 6 in Short Blades
  5319 | D:6      | Found a staircase to the Ecumenical Temple.
  5638 | D:7      | HP: 5/49 [gnoll/+0 spear of distortion (17)]
  5643 | D:7      | Reached skill level 3 in Invocations
  5665 | D:7      | Reached skill level 1 in Shields
  5701 | D:7      | Found a hide-covered altar of Uskayaw.
  5710 | D:7      | Reached skill level 7 in Stealth
  5914 | D:7      | Reached XP level 10. HP: 53/53 MP: 13/13
  6049 | D:7      | Reached skill level 7 in Fighting
  6051 | D:7      | Reached skill level 2 in Shields
  6142 | D:8      | Reached skill level 4 in Invocations
  6261 | D:8      | Found Urhe's Book Shoppe.
  6439 | D:8      | Found a broken altar of Ashenzari.
  6480 | D:8      | You add the spells Ignite Poison, Mephitic Cloud and
                  | Freezing Cloud to your library.
  6532 | D:8      | Found a staircase to the Lair.
  6594 | D:8      | Reached skill level 7 in Short Blades
  6594 | D:8      | Reached skill level 8 in Stealth
  6676 | D:8      | Identified the +1 robe of Neruas {Contam rN+++ Will+ Str-4}
  6699 | D:8      | You pick up a book of Conjurations and begin reading...
  7057 | Lair:1   | Entered Level 1 of the Lair of Beasts
  7090 | Lair:1   | Noticed a black mamba
  7259 | D:9      | Noticed a two-headed ogre
  7285 | D:9      | Killed a two-headed ogre
  7285 | D:9      | Reached ***** piety under Lugonu
  7286 | D:9      | Reached skill level 3 in Shields
  7339 | D:9      | You pick up a book of Geomancy and begin reading...
  7339 | D:9      | You add the spells Sandblast and Stone Arrow to your
                  | library.
  7358 | D:9      | Found a basalt altar of Yredelemnul.
  7375 | D:9      | Noticed a two-headed ogre
  7386 | D:9      | Killed a two-headed ogre
  7387 | D:9      | Reached skill level 5 in Invocations
  7740 | D:9      | Noticed a two-headed ogre
  7759 | D:9      | Killed a two-headed ogre
  7760 | D:9      | Reached skill level 8 in Fighting
  7760 | D:9      | Reached skill level 4 in Shields
  7760 | D:9      | Reached XP level 11. HP: 40/60 MP: 4/16
  8089 | D:10     | Entered Level 10 of the Dungeon
  8290 | D:10     | Reached skill level 8 in Short Blades
  8291 | D:10     | Reached skill level 6 in Invocations
  8475 | D:10     | Identified the +3 rapier "Jusys" {speed, rElec}
  8635 | D:10     | Reached skill level 5 in Shields
  9293 | D:11     | Noticed Erica
  9299 | D:11     | Killed Erica
  9300 | D:11     | Reached skill level 7 in Invocations
  9347 | D:11     | Reached skill level 9 in Fighting
  9374 | D:11     | Found a staircase to the Orcish Mines.
  9487 | D:11     | Noticed a four-headed hydra
  9492 | D:11     | Killed a one-headed hydra
  9493 | D:11     | Reached skill level 9 in Short Blades
 10044 | D:12     | Noticed Psyche
 10091 | D:12     | Killed Psyche
 10101 | D:12     | Noticed a brown ugly thing
 10110 | D:12     | Killed a brown ugly thing
 10111 | D:12     | Reached XP level 12. HP: 55/67 MP: 18/18
 10165 | D:12     | Reached skill level 8 in Invocations
 10224 | D:12     | Noticed a boulder beetle
 10245 | D:12     | Killed a boulder beetle
 10298 | D:12     | Noticed a two-headed ogre
 10305 | D:12     | Killed a two-headed ogre
 10549 | D:12     | Reached skill level 10 in Fighting
 10612 | D:12     | You pick up a book of Scorching and begin reading...
 10612 | D:12     | You add the spells Scorch, Flame Wave and Summon Cactus
                  | Giant to your library.
 10775 | D:12     | Found a white marble altar of Elyvilon.
 11022 | D:13     | Found a runed translucent door.
 11093 | D:13     | Reached skill level 10 in Short Blades
 11133 | D:13     | Noticed a vault guard
 11133 | D:13     | Noticed a vault guard
 11133 | D:13     | Noticed a vault guard
 11282 | D:13     | Reached skill level 6 in Dodging
 11485 | D:13     | You pick up a book of the Moon and begin reading...
 11485 | D:13     | You add the spells Passage of Golubria, Silence and
                  | Lehudib's Crystal Spear to your library.
 11674 | D:13     | Reached skill level 9 in Stealth
 11875 | D:13     | Noticed a vault guard
 11882 | D:13     | Killed a vault guard
 11909 | D:13     | Killed a vault guard
 11966 | D:13     | Killed a vault guard
 11967 | D:13     | Reached XP level 13. HP: 46/72 MP: 15/20
 11993 | D:13     | Found a gate to the Vaults.
 12074 | D:13     | Reached skill level 9 in Invocations
 12163 | D:13     | Reached ****** piety under Lugonu
 12193 | D:13     | Paralysed by an orc sorcerer for 7 turns
 12197 | D:13     | Killed from afar by an orc sorcerer

Vanquished Creatures
  A boulder beetle (D:12)
  A hydra (D:11)
  3 vault guards (D:13)
  A death knight (D:13)
  4 two-headed ogres
  Erica (D:11)
  3 skeletal warriors
  An orc knight (D:13)
  An ugly thing (D:12)
  2 cyclopes (D:13)
  2 gargoyles
  Psyche (D:12)
  An efreet (D:13)
  An unseen horror (D:10)
  A tengu conjurer (D:13)
  A polar bear (shapeshifter) (D:8)
  2 trolls (D:12)
  13 slime creatures
  A vampire (D:13)
  A shadow (D:10)
  10 yaks
  3 wraiths
  2 wyverns (D:9)
  A basilisk (D:12)
  5 humans (D:13)
  7 vampire mosquitoes
  A steam dragon (D:8)
  5 water moccasins
  A swamp drake (D:11)
  10 orc warriors
  2 ice beasts
  2 black bears
  2 ogres
  2 centaurs
  A phantom (D:5)
  3 kobold brigands
  3 necrophages
  A gnoll sergeant (D:7)
  A scorpion (D:5)
  6 bullfrogs
  A wight (D:8)
  12 killer bees (D:10)
  5 howler monkeys
  A centaur zombie (D:9)
  4 hounds
  A jelly (D:8)
  4 orc priests
  A gnoll shaman (D:7)
  Natasha (D:3)
  2 iguanas
  16 orc wizards
  A killer bee zombie (D:9)
  18 gnolls
  7 adders
  A shadow imp (D:6)
  2 white imps
  An ufetubus (D:5)
  A worm (D:3)
  A dart slug (D:1)
  42 orcs
  7 endoplasms
  2 giant cockroaches
  5 goblins
  3 hobgoblins
  9 jackals
  4 quokkas
  10 ball pythons
  6 bats
  2 frilled lizards
  19 kobolds
  3 rats
302 creatures vanquished.

Vanquished Creatures (others)
  2 humans (D:13)
2 creatures vanquished.

Grand Total: 304 creatures vanquished

Table legend:
 A = Non-vault XP
 B = Vault XP
 C = Vault XP percentage of total XP
 D = Non-vault monster count
 E = Vault monster count
 F = Vault count percentage of total count
                 A         B        C        D         E       F
            +---------+---------+-------+---------+---------+-------
      Total |   27422 |    6423 |  19.0 |     259 |      43 |  14.2
            +---------+---------+-------+---------+---------+-------
        D:1 |      54 |       0 |   0.0 |      25 |       0 |   0.0
        D:2 |      39 |       0 |   0.0 |      17 |       0 |   0.0
        D:3 |      36 |      35 |  49.3 |      12 |       1 |   7.7
        D:4 |     207 |       0 |   0.0 |      18 |       0 |   0.0
        D:5 |     708 |       0 |   0.0 |      13 |       0 |   0.0
        D:6 |    2146 |     128 |   5.6 |      41 |       1 |   2.4
        D:7 |    1476 |       0 |   0.0 |      33 |       0 |   0.0
        D:8 |    1358 |     290 |  17.6 |      18 |       6 |  25.0
        D:9 |    3049 |      77 |   2.5 |       7 |       2 |  22.2
       D:10 |    4320 |       0 |   0.0 |      32 |       0 |   0.0
       D:11 |    2239 |    1394 |  38.4 |       9 |      18 |  66.7
       D:12 |    5916 |     383 |   6.1 |      19 |       1 |   5.0
       D:13 |    5874 |    4116 |  41.2 |      15 |      14 |  48.3
            +---------+---------+-------+---------+---------+-------

Illustrated notes

Table legend:
 A = Kills in this place as a percentage of kills in entire the game.
 B = Kills by you in this place as a percentage of kills by you in the entire game.
 C = Kills by friends in this place as a percentage of kills by friends in the entire game.
 D = Other kills in this place as a percentage of other kills in the entire game.
 E = Experience gained in this place as a percentage of experience gained in the entire game.
 F = Experience gained in this place divided by the number of levels of this place that you have seen.
                   A       B       C       D       E      F
               +-------+-------+-------+-------+-------+----------------------
         Total | 100.0 | 100.0 |   N/A |   N/A | 100.0 | 2256.3
       Dungeon | 100.0 | 100.0 |   N/A |   N/A | 100.0 | 2603.5
               +-------+-------+-------+-------+-------+----------------------

Table legend: (Time is in decaauts)
 A = Elapsed time spent in this place.
 B = Non-inter-level travel time spent in this place.
 C = Inter-level travel time spent in this place.
 D = Time resting spent in this place.
 E = Time spent auto-exploring this place.
 F = Levels seen in this place.
 G = Mean time per level.
                   A        B        C        D        E       F      G
               +--------+--------+--------+--------+--------+-----+--------+
         Total |  11890 |  11405 |    485 |    225 |   8480 |  15 |  792.7 |
       Dungeon |  11834 |  11349 |    485 |    225 |   8445 |  13 |  910.3 |
          Lair |     44 |     44 |      0 |      0 |     31 |   1 |   44.0 |
         Abyss |     11 |     11 |      0 |      0 |      4 |   1 |   11.0 |
               +--------+--------+--------+--------+--------+-----+--------+

Top non-repeatable levels by time:
     D:1: 1301 daAuts
    D:13: 1174 daAuts
     D:8: 1021 daAuts
     D:9: 994 daAuts
    D:10: 985 daAuts
     D:6: 937 daAuts
     D:5: 925 daAuts
    D:12: 903 daAuts
    D:11: 822 daAuts
     D:2: 744 daAuts
     D:3: 734 daAuts
     D:4: 698 daAuts
     D:7: 591 daAuts
  Lair:1: 44 daAuts
 Abyss:1: 11 daAuts
